 Dungeon Crawl Stone Soup version 0.28.0-45-g0d030f2227 (console) character file.

Game seed: 15465044028116969842

46 Faeu the Shield-Bearer (level 3, -3/33 HPs)
             Began as a Minotaur Fighter on Apr 20, 2022.
             Slain by a worm (8 damage)
             ... on level 2 of the Dungeon.
             The game lasted 00:03:29 (1495 turns).

Faeu the Shield-Bearer (Minotaur Fighter)           Turns: 1495, Time: 00:03:30

Health: -3/33      AC:  8    Str: 22    XL:     3   Next: 44%
Magic:  2/2        EV:  9    Int:  5    God:
Gold:   52         SH:  4    Dex:  9    Spells: 2/2 levels left

rFire   . . .      SeeInvis .   a - +0 long sword {long}
rCold   . . .      Faith    .   c - +0 buckler
rNeg    . . .      Spirit   .   b - +0 scale mail
rPois   .          Reflect  .   (helmet restricted)
rElec   .          Harm     .   (no cloak)
rCorr   .          Rampage  .   h - +0 pair of gloves
Will    .....                   (no boots)
Stlth   ..........              (no amulet)
HPRegen 0.11/turn               (no ring)
MPRegen 0.08/turn               (no ring)

@: no status effects
A: horns 2, retaliatory headbutt
a: no special abilities


You were on level 2 of the Dungeon.
You visited 1 branch of the dungeon, and saw 2 of its levels.

You collected 52 gold pieces.


Innate Abilities, Weirdness & Mutations

You have a pair of horns on your head.
You reflexively headbutt those who attack you in melee.


   Skills:
 + Level 4.1 Fighting
 + Level 3.0 Long Blades
 + Level 4.0 Armour
 + Level 1.3 Dodging
 + Level 4.1 Shields


You had 2 spell levels left.
You didn't know any spells.
Your spell library was empty.

Inventory:

Hand Weapons
 a - a +0 long sword (weapon) {long}
Armour
 b - a +0 scale mail (worn)
 c - a +0 buckler (worn)
 h - a +0 pair of gloves (worn)
   (You found it on level 2 of the Dungeon)
Jewellery
 g - a ring of see invisible
   (You took it off a goblin on level 2 of the Dungeon)
Scrolls
 f - 6 scrolls of identify {unknown}
Potions
 d - a potion of might
 e - a potion of curing {unknown}

Dungeon Overview and Level Annotations

Branches:
Dungeon (2/15)

Altars:

.... ... ... ).# ..##
..##### ...#
.......###########....
..# #.........##..# .#
..# ###.......<..###...#
..####...........$.......
....(...........@w###..##
..#..######......K.....#
.###.... ###..........#
..######.. #..##...##.#
........#. ........... .≈
..#####...#..####......
..###.. ....# ###.##..
......# #..> .. .#
...######.# #.
.......##.###### #.
........#.#....### ###.


You could see a worm and a kobold.


Message History

😕 HP[+1]
You hit the goblin. The goblin hits you with a +0 dagger.
You block the goblin's attack. 😕 HP[-2]
You take 2 damage, and now have 28/33 hp.
You barely miss the goblin.
The goblin hits you with a +0 dagger. 😕 HP[-3]
You take 3 damage, and now have 25/33 hp.
You closely miss the goblin. The goblin hits you but does no damage.
You slash the goblin!
You kill the goblin!
g - a ring of see invisible
Things that are here:
a +0 dagger {short}; a +0 ring mail You enter the shallow water.
Moving in this stuff is going to be slow.
You enter the shallow water.
Moving in this stuff is going to be slow.
You enter the shallow water.
Moving in this stuff is going to be slow.
You enter the shallow water.
Moving in this stuff is going to be slow.
You enter the shallow water.
Moving in this stuff is going to be slow.
You now have 52 gold pieces (gained 13).
You see here 9 arrows.
h - a +0 pair of gloves 😎 HP[+8]
You start putting on your armour.
You continue putting on your +0 pair of gloves. x4
You finish putting on your +0 pair of gloves.
A kobold comes into view. It is wielding a +0 short sword.
The kobold shouts!
A worm comes into view.
A frilled lizard comes into view.
The frilled lizard hisses angrily.
You see here 10 gold pieces.
The kobold hits you with a +0 short sword. 😕 HP[-2]
You take 2 damage, and now have 31/33 hp.
You closely miss the kobold. The kobold barely misses you.
You closely miss the kobold.
The kobold hits you with a +0 short sword.
You closely miss the kobold. You block the kobold's attack.
The frilled lizard bites you. 😕 HP[-5]
You take 5 damage, and now have 26/33 hp.
You closely miss the kobold. The kobold hits you but does no damage.
You block the frilled lizard's attack. You block the kobold's attack.
You closely miss the frilled lizard. You block the frilled lizard's attack.
The kobold hits you but does no damage. The worm bites you but does no damage.
You barely miss the frilled lizard.
Your headbutt misses the frilled lizard.
You block the frilled lizard's attack. The kobold hits you but does no damage.
The frilled lizard closely misses you.
You slash the frilled lizard!
You kill the frilled lizard!
You block the kobold's attack. The worm bites you.
The kobold hits you but does no damage. 😮 HP[-2]
You take 2 damage, and now have 24/33 hp.
You see here a frilled lizard corpse.
You hit the worm. The kobold hits you but does no damage.
The worm bites you. 😮 HP[-5]
You take 5 damage, and now have 19/33 hp.
You barely miss the worm. You headbutt the worm.
The kobold hits you with a +0 short sword. 😮 HP[-1]
You take 1 damage, and now have 18/33 hp.
You barely miss the worm. The kobold hits you but does no damage.
The worm closely misses you.
The kobold hits you with a +0 short sword. 😮 HP[-1]
You take 1 damage, and now have 17/33 hp.
You hit the worm but do no damage. Your headbutt misses the worm.
The worm bites you.
* * * LOW HITPOINT WARNING * * *
The kobold hits you but does no damage. 😨 HP[-3]
You take 3 damage, and now have 14/33 hp.
You barely miss the worm. The kobold closely misses you.
You slash the worm! Your headbutt misses the worm.
The kobold completely misses you. The worm bites you.
* * * LOW HITPOINT WARNING * * *
😱 HP[-6]
You take 6 damage, and now have 8/33 hp.
You barely miss the worm. The kobold misses you. You furiously retaliate!
You headbutt the kobold. The worm bites you but does no damage.
The kobold hits you but does no damage.
You barely miss the worm. The kobold hits you but does no damage.
You block the worm's attack.
You hit the worm.
The kobold hits you with a +0 short sword.
* * * LOW HITPOINT WARNING * * *
The worm closely misses you. 😱 HP[-3]
You take 3 damage, and now have 5/33 hp.
You closely miss the kobold.
The kobold hits you but does no damage. x2
The worm bites you!
You die...

Skill      XL: |  1  2  3 |
---------------+----------+-----
Dodging        | 1 |  1.3
Fighting       | 4 |  4.1
Shields        | 4 |  4.1
Armour         | 4 |  4.0
Long Blades    | 3 |  3.0

Action                   || total
-------------------------++-------
Melee: Long sword        ||    77
       Headbutt          ||     7
Armor: Scale mail        ||    40
Dodge: Dodged            ||    28
Block: Buckler           ||    16

Levels and vault maps discovered:
D:1:      sevenhm_arrival_forest_fort_large_4, layout_loops_ring,
          dreamdust_ecumenical_altar_hidden_monk_grotto
D:2:      layout_rooms, serial_rivers, chequers_serial_rivers_large_a,
          chequers_serial_rivers_micro_d, chequers_serial_rivers_micro_c,
          chequers_serial_rivers_micro_a, minmay_misc_feat_ornament,
          lightli_corner_chamber

Notes
Turn   | Place    | Note
-------+----------+-------------------------------------------
     0 | D:1      | Faeu the Minotaur Fighter began the quest for the Orb.
     0 | D:1      | Reached XP level 1. HP: 19/19 MP: 0/0
     0 | D:1      | magus.rc [v1.9.6]
   274 | D:1      | Reached XP level 2. HP: 27/27 MP: 1/1
   683 | D:1      | Found a faded altar of an unknown god.
   760 | D:1      | Reached skill level 1 in Dodging
   890 | D:1      | Reached skill level 4 in Fighting
  1008 | D:2      | Reached XP level 3. HP: 28/33 MP: 2/2
  1011 | D:2      | Reached skill level 4 in Shields
  1145 | D:2      | Reached skill level 4 in Armour
  1148 | D:2      | Reached skill level 3 in Long Blades
  1491 | D:2      | HP: 8/33 [worm (6)]
  1495 | D:2      | Slain by a worm

Vanquished Creatures
  An adder (D:2)
  A worm (D:2)
  2 dart slugs (D:1)
  4 endoplasms
  3 giant cockroaches (D:1)
  3 goblins
  A hobgoblin (D:1)
  3 ball pythons (D:1)
  3 bats (D:1)
  3 frilled lizards
  4 kobolds (D:1)
  3 rats
31 creatures vanquished.

Table legend:
 A = Non-vault XP
 B = Vault XP
 C = Vault XP percentage of total XP
 D = Non-vault monster count
 E = Vault monster count
 F = Vault count percentage of total count
                 A         B        C        D         E       F
            +---------+---------+-------+---------+---------+-------
      Total |      66 |       0 |   0.0 |      31 |       0 |   0.0
            +---------+---------+-------+---------+---------+-------
        D:1 |      39 |       0 |   0.0 |      23 |       0 |   0.0
        D:2 |      27 |       0 |   0.0 |       8 |       0 |   0.0
            +---------+---------+-------+---------+---------+-------

Illustrated notes

Table legend:
 A = Kills in this place as a percentage of kills in entire the game.
 B = Kills by you in this place as a percentage of kills by you in the entire game.
 C = Kills by friends in this place as a percentage of kills by friends in the entire game.
 D = Other kills in this place as a percentage of other kills in the entire game.
 E = Experience gained in this place as a percentage of experience gained in the entire game.
 F = Experience gained in this place divided by the number of levels of this place that you have seen.
                   A       B       C       D       E      F
               +-------+-------+-------+-------+-------+----------------------
         Total | 100.0 | 100.0 |   N/A |   N/A | 100.0 |  33.0
       Dungeon | 100.0 | 100.0 |   N/A |   N/A | 100.0 |  33.0
               +-------+-------+-------+-------+-------+----------------------

Table legend: (Time is in decaauts)
 A = Elapsed time spent in this place.
 B = Non-inter-level travel time spent in this place.
 C = Inter-level travel time spent in this place.
 D = Time resting spent in this place.
 E = Time spent auto-exploring this place.
 F = Levels seen in this place.
 G = Mean time per level.
                   A        B        C        D        E       F      G
               +--------+--------+--------+--------+--------+-----+--------+
         Total |   1524 |   1478 |     46 |      0 |   1134 |   2 |  762.0 |
       Dungeon |   1524 |   1478 |     46 |      0 |   1134 |   2 |  762.0 |
               +--------+--------+--------+--------+--------+-----+--------+

Top non-repeatable levels by time:
     D:1: 1009 daAuts
     D:2: 515 daAuts
